AoeStats
← GA | Oink

Black Forest

509186044Analyzed
2v2 RM · 5d ago on Sep 25, 2026· 30m 38s· 4 players
Game mode
Random Map
Map size
Medium (4 player)
Population
200
Speed
Normal
Resources
Standard
Victory
Conquest
Starting age
Dark Age
Ending age
Imperial Age
RankedLock teamsTeams togetherTeam positionsShared explorationLock speedFull tech treeHidden civsTurbo modeCheats
Victory
Defeat
🇩🇪 Cumans · Germany
946
+14
🇩🇪 Ethiopians · Germany
945
+14
🇳🇱 Goths · Netherlands
916
-14
🇵🇱 Spanish · Poland
890
-14
SKAY
0:27 Loom
12:20 Feudal Age
12:35 Man-at-Arms
21:37 Castle Age
TotalNoobPL
0:36 Loom
15:37 Feudal Age
16:11 Double-Bit Axe
16:09 Horse Collar
18:16 Stone Mining
19:06 Gold Mining
19:53 Town Watch
22:39 Castle Age
22:53 Padded Archer Armor
27:26 Fletching
GA | Meow
0:29 Loom
11:51 Feudal Age
14:53 Double-Bit Axe
16:56 Wheelbarrow
17:45 Forging
17:40 Scale Barding Armor
22:09 Horse Collar
22:21 Gold Mining
24:26 Bloodlines
GA | Oink
10:29 Feudal Age
12:14 Double-Bit Axe
12:17 Horse Collar
25:05 Castle Age
24:57 Fletching
25:07 Padded Archer Armor
25:06 Crossbowman
25:52 Thumb Ring
26:11 Gold Mining
26:36 Bow Saw
26:30 Heavy Plow
27:02 Bodkin Arrow
30:46 Ballistics
Connection lost

Rejoining the realm…

Still unreachable

The connection could not be restored.

Session expired

The server has moved on; the page needs a fresh start.